AoeStats
← MongoJuice

Nomad

504248180Analyzed
2v2 RM · 29d ago on Sep 4, 2026· 41m 24s· 4 players
Game mode
Random Map
Map size
176×176
Population
200
Speed
Normal
Resources
Standard
Victory
Conquest
Starting age
Dark Age
Ending age
Imperial Age
RankedLock teamsTeams togetherTeam positionsShared explorationLock speedFull tech treeHidden civsTurbo modeCheats
Victory
Defeat
🇨🇳 Spanish · China
1242
+14
🇨🇳 Persians · China
1146
+19
1231
-18
🇨🇳 Saracens · China
1166
-15
Why
9:58 Loom
12:54 Feudal Age
16:14 Castle Age
14:02 Fishing Lines
15:05 Double-Bit Axe
18:51 Wheelbarrow
18:37 Bow Saw
20:29 Medium Warships
21:31 Horse Collar
22:53 Gold Mining
23:35 Town Watch
24:48 Heavy Plow
25:20 Gillnets
27:26 Hand Cart
27:50 Town Patrol
30:59 Imperial Age
29:21 Gold Shaft Mining
29:03 Scale Barding Armor
29:34 Bloodlines
29:24 Husbandry
29:53 Forging
29:51 Stone Mining
31:23 Coinage
32:05 Chain Barding Armor
32:22 Iron Casting
31:08 Cavalier
32:13 Siphons
32:19 Clinker Construction
32:44 Heavy Warships
33:59 Banking
32:56 Savar
34:38 Caravan
35:01 Carvel Hull
35:28 Plate Barding Armor
35:57 Blast Furnace
35:08 Heavy Camel Rider
37:44 Two-Man Saw
38:37 Ballistics
38:36 Masonry
38:18 Fletching
41:18 Devotion
MongoJuice
4:57 Loom
14:04 Feudal Age
17:37 Castle Age
15:54 Double-Bit Axe
16:18 Fishing Lines
19:42 Padded Archer Armor
21:34 Bow Saw
21:48 Husbandry
22:29 Bloodlines
22:25 Horse Collar
24:58 Heavy Plow
27:48 Town Watch
29:19 Leather Archer Armor
29:17 Gold Mining
30:45 Fletching
32:27 Wheelbarrow
32:38 Stone Mining
36:07 Imperial Age
35:02 Hand Cart
37:50 Chemistry
36:13 Elite Conquistador
37:15 Conscription
37:35 Ring Archer Armor
37:37 Masonry
37:49 Ballistics
39:00 Bodkin Arrow
月影暗结流年
13:48 Feudal Age
14:17 Double-Bit Axe
20:21 Castle Age
20:45 Gold Mining
21:16 Medium Warships
22:36 Bow Saw
22:37 Fletching
23:47 Town Watch
32:39 Demolition Ship
36:56 Bloodlines
37:45 Gold Shaft Mining
古书馆的魔法使忧
14:59 Feudal Age
18:53 Castle Age
17:00 Double-Bit Axe
18:09 Gold Mining
20:18 Medium Warships
20:28 Bow Saw
21:42 Forging
25:50 Horse Collar
26:02 Loom
28:26 Two-Man Saw
27:08 Cavalier
27:49 Husbandry
28:43 Wheelbarrow
28:49 Scale Barding Armor
30:48 Iron Casting
30:43 Town Watch
31:14 Hand Cart
32:48 Heavy Plow
32:40 Stone Mining
34:12 Chain Barding Armor
38:49 Burgundian Vineyards
38:54 Light Cavalry
40:25 Pikeman
41:06 Squires
43:47 Imperial Age
Connection lost

Rejoining the realm…

Still unreachable

The connection could not be restored.

Session expired

The server has moved on; the page needs a fresh start.